 Dungeon Crawl Stone Soup version 0.27-a0-1181-g5f64966fcc (webtiles) character file.

Game seed: 1824892747484742901

2034 ZappyNine the Protected (level 9, -1/68 HPs)
             Began as a Formicid Fighter on May 17, 2021.
             Was a Priest of Uskayaw.
             Slain by an orc warrior
             ... wielding a +0 mace
              (2 damage)
             ... on level 6 of the Dungeon.
             The game lasted 00:07:20 (6417 turns).

ZappyNine the Protected (Formicid Fighter)          Turns: 6417, Time: 00:07:21

Health: -1/68      AC: 15    Str: 24    XL:     9   Next: 48%
Magic:  12/12      EV:  6    Int:  8    God:    Uskayaw [***...]
Gold:   172        SH: 11    Dex: 10    Spells: 8/8 levels left

rFire    . . .     SeeInvis +   a - +2 long sword
rCold    . . .     Faith    .   c - +0 kite shield
rNeg     . . .     Spirit   .   j - +0 plate armour
rPois    .         Reflect  .   (helmet unavailable)
rElec    .         Harm     .   (no cloak)
rCorr    .         Rampage  .   (no gloves)
Will     .....                  h - +0 pair of boots
Stlth    ..........             (no amulet)
HPRegen  0.21/turn              v - ring of flight
MPRegen  0.13/turn              (no ring)

@: flying
A: permanent stasis, dig shafts and tunnels, antennae 3, four strong arms
a: Dig, Shaft Self, Renounce Religion, Stomp, Line Pass


You were on level 6 of the Dungeon.
You worshipped Uskayaw.
Uskayaw was noncommittal.
You visited 2 branches of the dungeon, and saw 7 of its levels.

You collected 172 gold pieces.

Inventory:

Hand Weapons
 a - a +2 long sword (weapon)
 l - a +0 long sword
Missiles
 n - 20 poisoned darts
 r - 7 javelins
Armour
 b - a +0 scale mail
 c - a +0 kite shield (worn)
 h - a +0 pair of boots (worn)
 j - a +0 plate armour (worn)
Jewellery
 f - a ring of fire
 v - a ring of flight (left hand)
 w - a ring of see invisible
Wands
 k - a wand of paralysis (7)
 q - a wand of acid (11)
 u - a wand of polymorph (13)
Scrolls
 e - 4 scrolls of identify
 i - a scroll of magic mapping {unknown}
 s - a scroll of immolation {unknown}
 t - a scroll of teleportation {unknown}
 x - a scroll of enchant armour {unknown}
Potions
 d - a potion of brilliance {unknown}
 g - a potion of invisibility {unknown}
 m - 2 potions of attraction
 o - a potion of mutation {unknown}
 p - 3 potions of resistance {unknown}


   Skills:
 - Level 5.5 Fighting
 + Level 5.4 Long Blades
 * Level 8.6 Armour
 + Level 7.1 Shields
 * Level 4.9 Invocations


You had 8 spell levels left.
You didn't know any spells.
Your spell library contained the following spells:

 Spells                   Type           Power      Damage    Failure   Level
 Animate Skeleton         Necr           0%         N/A       100%        1
 Apportation              Tloc           0%         N/A       100%        1
 Beastly Appendage        Tmut           0%         N/A       100%        1
 Corona                   Hex            0%         N/A       100%        1
 Freeze                   Ice            0%         1d3       100%        1
 Summon Small Mammal      Summ           0%         N/A       100%        1
 Wereblood                Tmut           0%         N/A       100%        2
 Frozen Ramparts          Ice            0%         1d2       100%        3
 Ozocubu's Armour         Ice            0%         N/A       100%        3
 Spider Form              Tmut/Pois      0%         N/A       100%        3
 Hailstorm                Conj/Ice       0%         3d3       100%        4
 Ice Form                 Ice/Tmut       0%         N/A       100%        4
 Hydra Form               Tmut           0%         N/A       100%        5
 Metabolic Englaciation   Hex/Ice        0%         N/A       100%        5


Dungeon Overview and Level Annotations

Branches:
Dungeon (6/15)             Temple (1/1) D:5

Altars:
Ashenzari
Cheibriados
Dithmenos
Elyvilon
Fedhas
Hepliaklqana
Kikubaaqudgha
Makhleb
Nemelex Xobeh
Okawaru
Qazlal
Ru
Sif Muna
Trog
Uskayaw
Vehumet
Wu Jian
Xom
Yredelemnul
Zin
The Shining One

Shops:
D:3 [


Innate Abilities, Weirdness & Mutations

You cannot be hasted, slowed, berserked, paralysed or teleported.
You can dig through walls and to a lower floor.
You have a pair of large antennae on your head. (SInv)
Your four strong arms can wield two-handed weapons with a shield.


Message History

The orc warrior is healed somewhat.
You block the orc warrior's attack. The orc hits you but does no damage.
You hit the orc warrior.
The orc warrior is moderately wounded.
You block the orc warrior's attack.
The orc hits you from afar with a +0 trident.
The orc priest looks satisfied for a moment.
Uskayaw prepares the audience for your solo!
There is a stone staircase leading up here.
The centaur skeleton is no longer paralysed.
The orc warrior is no longer paralysed.
The orc is no longer paralysed. x2
There is a stone staircase leading up here.
You barely miss the orc warrior.
The orc warrior is moderately wounded.
The orc warrior hits you but does no damage.
The orc hits you but does no damage.
The orc warrior hits you with a +0 mace!
You slash the orc warrior!
The orc warrior is severely wounded.
You block the orc's attack. You block the orc warrior's attack.
You closely miss the orc warrior.
The orc warrior is severely wounded.
You block the orc's attack. You block the orc warrior's attack.
The orc hits you but does no damage.
You closely miss the orc warrior.
The orc warrior is severely wounded.
The orc closely misses you.
You closely miss the orc warrior.
The orc warrior is severely wounded.
The orc warrior hits you with a +0 mace!
* * * LOW HITPOINT WARNING * * *
You block the orc's attack.
Unknown command.
You block the centaur skeleton's attack.
The centaur skeleton barely misses you.
The orc priest invokes the aid of Beogh against you.
Beogh smites you!
* * * LOW HITPOINT WARNING * * *
The orc warrior hits you with a +0 mace.
You die...

#.@....o.# Z
#)##########
##.#.......##
##.........#
#.........# #..o......#
#..o.{....# ###
########..Z#+#'#####)##
#......#.#o@.#....#.#.#
#..........##..###.####
#............#.# ###
#..........#.#.#
###........#...#
#.......##.########
#.................#
####.....).......###.#
#............#....##.#


You could see an orc warrior, an orc priest, an orc and a centaur skeleton.

Vanquished Creatures
  Grinder (D:4)
  Eustachio (D:6)
  Duvessa (D:4)
  An ice beast (D:5)
  2 sky beasts (D:5)
  2 centaurs
  3 ogres
  A bullfrog (D:5)
  2 scorpions (D:5)
  A wyvern skeleton (D:5)
  Dowan (D:4)
  A wight (D:5)
  A bullfrog zombie (D:5)
  2 jellies
  A bullfrog skeleton (D:5)
  A centaur skeleton (D:5)
  An orc priest (D:3)
  A hound (D:5)
  3 iguanas
  A scorpion zombie (D:5)
  Ijyb (D:3)
  An orc wizard (D:4)
  A hound skeleton (D:5)
  Robin (D:3)
  3 gnolls
  4 adders
  An ufetubus (D:5)
  2 adder skeletons (D:4)
  A worm (D:3)
  2 dart slugs
  18 orcs
  8 bats
  4 endoplasms
  2 giant cockroaches
  8 hobgoblins
  14 jackals
  4 kobolds
  2 quokkas
  2 ball pythons
  9 frilled lizards
  17 goblins
  4 rats
137 creatures vanquished.

Notes
Turn   | Place    | Note
-------+----------+-------------------------------------------
     0 | D:1      | ZappyNine the Formicid Fighter began the quest for the Orb.
     0 | D:1      | Reached XP level 1. HP: 18/18 MP: 1/1
   256 | D:1      | Reached XP level 2. HP: 17/24 MP: 2/2
   627 | D:1      | Reached XP level 3. HP: 29/29 MP: 3/3
  1585 | D:2      | Found a sparkling altar of Nemelex Xobeh.
  1808 | D:2      | Reached skill level 4 in Armour
  1808 | D:2      | Reached XP level 4. HP: 37/37 MP: 4/4
  2252 | D:3      | You fall into a shaft and drop 3 floors!
  2252 | D:6      | Noticed a bullfrog
  2258 | D:6      | Noticed an ogre
  2264 | D:6      | Noticed a scorpion
  2268 | D:5      | Entered Level 5 of the Dungeon
  2280 | D:5      | Killed a bullfrog
  2281 | D:5      | Reached XP level 5. HP: 34/42 MP: 5/5
  2758 | D:5      | Reached XP level 6. HP: 45/48 MP: 6/6
  2868 | D:5      | Reached skill level 5 in Armour
  3141 | D:4      | Noticed Duvessa
  3141 | D:4      | Noticed Dowan
  3145 | D:3      | Found Tisa Rio's Antique Armour Shoppe.
  3174 | D:3      | Reached skill level 5 in Shields
  3247 | D:3      | Reached XP level 7. HP: 26/55 MP: 7/7
  3571 | D:3      | Noticed Robin
  3571 | D:3      | Noticed Ijyb
  3588 | D:3      | Killed Ijyb
  3594 | D:3      | Killed Robin
  3941 | D:3      | Found a faded altar of an unknown god.
  4106 | D:4      | Noticed Grinder
  4189 | D:4      | Killed Grinder
  4190 | D:4      | Reached skill level 5 in Fighting
  4190 | D:4      | Reached skill level 6 in Armour
  4197 | D:4      | Killed Dowan
  4202 | D:4      | Killed Duvessa
  4203 | D:4      | Reached XP level 8. HP: 41/62 MP: 8/8
  4263 | D:4      | You fall into a shaft and drop 1 floor!
  4767 | D:5      | Reached skill level 7 in Armour
  4940 | D:5      | Found a staircase to the Ecumenical Temple.
  4962 | Temple   | Entered the Ecumenical Temple
  5009 | Temple   | Became a worshipper of Uskayaw the Reveller
  5046 | D:5      | Reached * piety under Uskayaw
  5048 | D:5      | Reached skill level 1 in Invocations
  5106 | D:5      | Reached ** piety under Uskayaw
  5701 | D:5      | Reached *** piety under Uskayaw
  5713 | D:5      | Reached **** piety under Uskayaw
  5717 | D:5      | Reached ***** piety under Uskayaw
  5718 | D:5      | Reached skill level 5 in Long Blades
  5718 | D:5      | Reached XP level 9. HP: 21/68 MP: 11/11
  5989 | D:5      | Reached skill level 8 in Armour
  6377 | D:6      | Noticed Eustachio
  6392 | D:6      | Killed Eustachio
  6417 | D:6      | HP: 1/68 [orc priest/divine providence (17)]
  6417 | D:6      | Slain by an orc warrior

Illustrated notes

Levels and vault maps discovered:
D:1:      amcnicky_arrival_gap_in_the_tavern_cellar, layout_loops_ring,
          bh_walls_and_bars
D:2:      layout_basic, basic_altar
D:3:      layout_loops_ring, hellmonk_ecumenical_altar_leap_of_faith,
          serial_shops, shop, uniq_robin, uniq_ijyb
D:4:      layout_cave_pools, uniq_duvessa, uniq_grinder, uniq_edmund, uniq_pikel
D:5:      minmay_bubble_buster, layout_loops_corners, minmay_temple_entry_glass,
          solitary_fountain
D:6:      layout_basic, uniq_eustachio
Temple:   compressed_dpeg_circular_temple

Skill      XL: |  1  2  3  4  5  6  7  8  9 |
---------------+----------------------------+-----
Shields        | 4 5 6 7 |  7.1
Armour         | 4 5 6 7 8 |  8.6
Fighting       | 4 5 |  5.5
Long Blades    | 3 4 5 |  5.4
Invocations    | 3 4 |  4.9

Action                   |  1- 3 |  4- 6 |  7- 9 || total
-------------------------+-------+-------+-------++-------
Melee: Long sword        |   114 |    88 |   284 ||   486
 Abil: Dig               |       |     2 |     6 ||     8
       Shaft Self        |       |       |     1 ||     1
  Use: Potion            |       |     1 |     2 ||     3
       Scroll            |       |     6 |       ||     6
 Stab: Paralysed         |       |       |     5 ||     5
Armor: Scale mail        |    14 |       |       ||    14
       Plate armour      |    81 |    37 |   149 ||   267
Dodge: Dodged            |    31 |    13 |    51 ||    95
Block: Kite shield       |    84 |    43 |   159 ||   286
       Rpst.: Long sword |    11 |     7 |    15 ||    33

Table legend: (Time is in decaauts)
 A = Elapsed time spent in this place.
 B = Non-inter-level travel time spent in this place.
 C = Inter-level travel time spent in this place.
 D = Time resting spent in this place.
 E = Time spent auto-exploring this place.
 F = Levels seen in this place.
 G = Mean time per level.
                   A        B        C        D        E       F      G
               +--------+--------+--------+--------+--------+-----+--------+
         Total |   6590 |   6441 |    149 |   1350 |   3886 |   7 |  941.4 |
       Dungeon |   6528 |   6393 |    135 |   1350 |   3878 |   6 | 1088.0 |
        Temple |     61 |     47 |     14 |      0 |      8 |   1 |   61.0 |
               +--------+--------+--------+--------+--------+-----+--------+

Top non-repeatable levels by time:
     D:5: 2763 daAuts
     D:1: 1333 daAuts
     D:3: 1254 daAuts
     D:2: 784 daAuts
     D:6: 260 daAuts
     D:4: 131 daAuts
  Temple: 61 daAuts
